 Dungeon Crawl Stone Soup version 0.22.0-27-ga576289 (webtiles) character file.

1047 profreshinal the Frost Mage (level 8, -4/52 HPs)
             Began as a Human Ice Elementalist on Aug 22, 2018.
             Was a Believer of Vehumet.
             Shot with an arrow by a centaur (11 damage)
             ... on level 5 of the Dungeon.
             The game lasted 00:19:48 (3551 turns).

profreshinal the Frost Mage (HuIE)                  Turns: 3551, Time: 00:19:49

Health: -4/52      AC:  4    Str: 11    XL:     8   Next: 50%
Magic:  2/11       EV: 12    Int: 18    God:    Vehumet [**....]
Gold:   238        SH:  0    Dex: 13    Spells: 5/11 levels left

rFire    + . .     SeeInvis .   h - +0 whip (elec)
rCold    . . .     Gourm    .   (no shield)
rNeg     . . .     Faith    .   a - +0 robe
rPois    +         Spirit   .   o - +1 helmet
rElec    .         Reflect  .   (no cloak)
rCorr    .         Harm     .   (no gloves)
MR       .....                  (no boots)
Stlth    +++.......             (no amulet)
HPRegen  0.17/turn              j - ring of protection from fire
MPRegen  0.12/turn              m - ring of stealth

@: no status effects
A: blink, poison resistance, strong 1
a: Blink, Renounce Religion


You were on level 5 of the Dungeon.
You worshipped Vehumet.
Vehumet was pleased with you.
You were not hungry.

You visited 1 branch of the dungeon, and saw 5 of its levels.

You collected 238 gold pieces.

Inventory:

Hand Weapons
 f - a +1 club
 h - a +0 whip of electrocution (weapon)
 t - a +0 falchion of electrocution
Armour
 a - a +0 robe (worn)
 o - a +1 helmet (worn)
 q - +0 ice dragon scales
Jewellery
 j - a ring of protection from fire (left hand)
 m - a ring of stealth (right hand)
Wands
 k - a wand of random effects (33)
Scrolls
 g - 2 scrolls of teleportation
 l - 3 scrolls of identify
 n - 2 scrolls of enchant armour
Potions
 b - a potion of ambrosia {unknown}
 e - a potion of curing
Comestibles
 c - 5 rations


   Skills:
 + Level 1.0 Maces & Flails
 - Level 2.0 Dodging
 - Level 2.0 Stealth
 - Level 2.0 Spellcasting
 - Level 1.0 Conjurations
 * Level 9.8 Ice Magic


You had 5 spell levels left.
You knew the following spells:

 Your Spells              Type           Power        Failure   Level  Hunger
a - Freeze                Ice            ####         1%          1    #......
b - Throw Frost           Conj/Ice       ###...       3%          2    ###....
c - Ozocubu's Armour      Chrm/Ice       ###.....     8%          3    ###....

Your spell library contained the following spells:

 Spells                   Type           Power        Failure   Level  Hunger
 Flame Tongue             Conj/Fire      #....        14%         1    #......
 Magic Dart               Conj           #...         12%         1    #......
 Searing Ray              Conj           #.....       19%         2    ###....
 Throw Icicle             Conj/Ice       ###.....     21%         4    #####..
 Summon Ice Beast         Ice/Summ       ###.....     24%         4    #####..
 Dazzling Spray           Conj/Hex       #.....       41%         3    ###....
 Iskenderun's Mystic Bla  Conj           #.......     75%         4    #####..
 Force Lance              Conj/Tloc      #.......     82%         4    #####..
 Fulminant Prism          Conj/Hex       #.........   82%         4    #####..


Dungeon Overview and Level Annotations

Branches:
Dungeon (5/15)
 Temple: D:4-7

Altars:
Elyvilon
Qazlal
Uskayaw
Vehumet
Xom


Innate Abilities, Weirdness & Mutations

You can translocate small distances at will.
Your system is resistant to poisons. (rPois)
Your muscles are strong. (Str +2)


Message History

The arrow hits you.
Casting: Throw Frost (safe; 3% risk of failure)
Confirm with . or Enter, or press ? or * to list all spells.
Aiming: Throw Frost (safe; 3% risk of failure)
Press: ? - help, Shift-Dir - straight line, f/p - centaur
Aim: a centaur, wielding a shortbow (heavily wounded)
The puff of frost hits the centaur.
The centaur is severely wounded.
A quokka comes into view.
The centaur shoots an arrow.
The arrow hits you!
* * * LOW HITPOINT WARNING * * *
Casting: Throw Frost (safe; 3% risk of failure)
Confirm with . or Enter, or press ? or * to list all spells.
Aiming: Throw Frost (safe; 3% risk of failure)
Press: ? - help, Shift-Dir - straight line, f/p - centaur
Aim: a centaur, wielding a shortbow (severely wounded)
The puff of frost hits the centaur.
The centaur is almost dead.
The centaur shoots an arrow.
The arrow hits you!
You die...

###.##...##### ..
#............##.#
#...............#
...............## ###......#
................. ........#
...............# #...!...#
...............## ....c..#
.........<.....@# #......#
................#####......#
#........r...........c.....#
#......#...............=...#
##.#######........c.[......#
#..###....###..........(..#
#......######...##.......##
...............#..........#
##..........#######.......#


You could see a centaur and a quokka.

Vanquished Creatures
  Pikel (D:4)
  Menkaure (D:4)
  An ogre (D:3)
  A howler monkey (D:5)
  A crimson imp (D:5)
  2 orc wizards
  Jessica (D:2)
  Ijyb (D:4)
  Natasha (twice) (D:3 D:2)
  A worker ant (D:5)
  5 adders
  2 oozes
  An adder skeleton (D:5)
  3 dart slugs
  6 leopard geckos
  11 orcs
  4 giant cockroaches
  9 goblins
  9 hobgoblins
  4 jackals (D:1)
  A quokka (D:3)
  A ball python (D:5)
  9 bats
  4 frilled lizards
  8 kobolds
  A leopard gecko skeleton (D:4)
  6 rats
96 creatures vanquished.

Vanquished Creatures (others)
  A centaur skeleton (D:4)
1 creature vanquished.

Grand Total: 97 creatures vanquished

Notes
Turn   | Place    | Note
-------+----------+-------------------------------------------
     0 | D:1      | profreshinal the Human Ice Elementalist began the quest for the Orb.
     0 | D:1      | Reached XP level 1. HP: 13/13 MP: 3/3
   168 | D:1      | Reached XP level 2. HP: 18/19 MP: 3/5
   172 | D:1      | Learned a level 2 spell: Throw Frost
   360 | D:1      | Reached skill level 4 in Ice Magic
   360 | D:1      | Reached XP level 3. HP: 20/24 MP: 0/6
   834 | D:2      | Reached XP level 4. HP: 30/30 MP: 3/7
   839 | D:2      | Learned a level 3 spell: Ozocubu's Armour
   845 | D:2      | Found a radiant altar of Vehumet.
   857 | D:2      | Became a worshipper of Vehumet
   927 | D:2      | Reached skill level 5 in Ice Magic
   946 | D:2      | Found a hide-covered altar of Uskayaw.
  1115 | D:2      | Noticed Jessica
  1137 | D:2      | Killed Jessica
  1137 | D:2      | Reached XP level 5. HP: 35/35 MP: 4/8
  1623 | D:3      | Noticed Natasha
  1629 | D:3      | Killed Natasha
  1629 | D:3      | Reached skill level 6 in Ice Magic
  1770 | D:3      | Reached XP level 6. HP: 41/41 MP: 7/9
  1835 | D:3      | Reached * piety under Vehumet
  1835 | D:3      | Offered knowledge of Magic Dart by Vehumet.
  1843 | D:3      | Found a stormy altar of Qazlal.
  1948 | D:3      | Noticed Natasha
  2001 | D:2      | Killed Natasha
  2082 | D:2      | Found a shimmering altar of Xom.
  2355 | D:4      | Noticed an ogre
  2390 | D:3      | Killed an ogre
  2390 | D:3      | Reached skill level 7 in Ice Magic
  2501 | D:4      | Noticed a slave
  2553 | D:4      | Found a white marble altar of Elyvilon.
  2583 | D:4      | Noticed a slave
  2666 | D:4      | Noticed Pikel
  2675 | D:4      | Gained mutation: Your system is resistant to poisons. (rPois) [potion of mutation]
  2675 | D:4      | Gained mutation: You can translocate small distances at will. [potion of mutation]
  2675 | D:4      | Gained mutation: Your muscles are strong. (Str +2) [potion of mutation]
  2686 | D:4      | Killed Pikel
  2686 | D:4      | Reached skill level 9 in Ice Magic
  2686 | D:4      | Reached XP level 7. HP: 20/46 MP: 8/10
  2686 | D:4      | Reached XP level 8. HP: 23/52 MP: 8/11
  2713 | D:4      | Noticed Menkaure
  2726 | D:4      | Killed Menkaure
  3213 | D:4      | Noticed Ijyb
  3221 | D:4      | Killed Ijyb
  3464 | D:5      | Entered Level 5 of the Dungeon
  3505 | D:5      | Offered knowledge of Flame Tongue by Vehumet.
  3532 | D:5      | Reached ** piety under Vehumet
  3543 | D:5      | Reached skill level 1 in Maces & Flails
  3551 | D:5      | Shot with an arrow by a centaur

Skill      XL: |  1  2  3  4  5  6  7  8 |
---------------+-------------------------+-----
Ice Magic      | 4 5 6 9 |  9.8
Maces & Flails | 1 |  1.0
Dodging        | |  2.0
Stealth        | |  2.0
Spellcasting   | |  2.0
Conjurations   | |  1.0

Action                   |  1- 3 |  4- 6 |  7- 9 || total
-------------------------+-------+-------+-------++-------
Melee: Club              |     7 |     3 |       ||    10
       Falchion          |       |    12 |       ||    12
       Whip              |       |       |    22 ||    22
 Cast: Freeze            |    50 |    79 |    21 ||   150
       Throw Frost       |       |    12 |     5 ||    17
  Use: Scroll            |     5 |     4 |     1 ||    10
       Potion            |     1 |     5 |     1 ||     7
  Eat: Chunk             |       |     8 |       ||     8
       Ration            |       |       |     1 ||     1
Armor: Robe              |     8 |    18 |     6 ||    32
Dodge: Dodged            |    36 |    49 |    18 ||   103
       Rpst.: Falchion   |       |     2 |       ||     2
